 Dungeon Crawl Stone Soup version 0.29-a0-668-g12ee2bf84d (webtiles) character file.

Game seed: 8968615576702977696

1502 wingedge the Zephyrmancer (level 8, -5/44 (52) HPs)
             Began as a Tengu Air Elementalist on June 24, 2022.
             Was a Follower of Sif Muna.
             Slain by Duvessa
             ... wielding a +0 rapier of draining
              (6 damage)
             ... on level 6 of the Dungeon.
             The game lasted 00:21:56 (6578 turns).

wingedge the Zephyrmancer (Tengu Air Elementalist)  Turns: 6578, Time: 00:21:58

HP:   -5/44 (52)    AC:  8    Str: 14    XL:     8   Next: 82%
MP:   6/16          EV: 14    Int: 18    God:    Sif Muna [*.....]
Gold: 357           SH:  4    Dex: 15    Spells: 6/16 levels left

rFire   . . .      SeeInvis .   u - +1 dagger (protect)
rCold   . . .      Faith    .   z - +0 buckler
rNeg    . . .      Spirit   .   s - +0 leather armour
rPois   .          Reflect  .   (helmet restricted)
rElec   .          Harm     .   y - +0 cloak
rCorr   .          Rampage  .   (no gloves)
Will    .....                   (boots unavailable)
Stlth   ++........              (no amulet)
HPRegen 0.14/turn               g - +4 ring of protection
MPRegen 0.15/turn               C - +6 ring of strength

@: mighty, flying quickly and evasively, hasted, heavily drained, very quick
A: beak, talons 3, nimble flight
a: Renounce Religion, Channel Magic


You were on level 6 of the Dungeon.
You worshipped Sif Muna.
Sif Muna was aware of your devotion.
You visited 1 branch of the dungeon, and saw 6 of its levels.

You collected 357 gold pieces.

Inventory:

Hand Weapons
 h - a +0 short sword
 u - a +1 dagger of protection (weapon)
Missiles
 f - 8 poisoned darts (quivered)
 D - 3 javelins
Armour
 a - a +0 robe
 j - a +0 ring mail
 s - a +0 leather armour (worn)
 y - a +0 cloak (worn)
 z - a +0 buckler (worn)
Magical Staves
 k - a staff of poison
Jewellery
 g - a +4 ring of protection (left hand)
 C - a +6 ring of strength (right hand)
Wands
 E - a wand of iceblast (3)
 H - a wand of flame (20)
Scrolls
 d - a scroll of enchant armour {unknown}
 e - 4 scrolls of teleportation
 o - a scroll of poison {unknown}
 p - a scroll of noise {unknown}
 q - a scroll of amnesia {unknown}
 r - a scroll of torment {unknown}
 t - a scroll of vulnerability {unknown}
 v - a scroll of blinking {unknown}
 A - a scroll of fog {unknown}
 B - a scroll of magic mapping {unknown}
 F - a scroll of fear {unknown}
 G - a scroll of acquirement {unknown}
Potions
 b - 2 potions of magic
 c - 3 potions of curing
 i - a potion of invisibility {unknown}
 l - 2 potions of might
 m - a potion of brilliance {unknown}
 n - a potion of berserk rage {unknown}
 w - a potion of mutation {unknown}
 I - a potion of heal wounds {unknown}


   Skills:
 * Level 6.4 Fighting
 + Level 4.8 Armour
 + Level 3.1 Dodging
 - Level 2.0 Stealth
 * Level 2.0 Shields
 * Level 4.7 Spellcasting
 * Level 9.0 Conjurations
 + Level 1.7 Summonings
 * Level 9.6 Air Magic
 + Level 3.7 Invocations


You had 6 spell levels left.
You knew the following spells:

 Your Spells              Type           Power      Damage    Failure   Level
a - Shock                 Conj/Air       100%       1d9       1%          1
b - Static Discharge      Conj/Air       37%        N/A       1%          2
c - Swiftness             Air            39%        N/A       1%          3
f - Airstrike             Air            19%        N/A       4%          4

Your spell library contained the following spells:

 Spells                   Type           Power      Damage    Failure   Level
 Summon Guardian Golem    Hex/Summ       7%         N/A       43%         3
 Orb of Destruction       Conj           18%        9d8       99%         7
 Spellforged Servitor     Conj/Summ      11%        N/A       100%        7


Dungeon Overview and Level Annotations

Branches:
Dungeon (6/15)
 Temple: D:4-7

Altars:
Elyvilon
Kikubaaqudgha
Sif Muna
Trog
Uskayaw

Annotations:
D:6 Duvessa


Innate Abilities, Weirdness & Mutations

You have a beak for a mouth.
You have claws for feet.
Your magical nature lets you fly swiftly and evasively.


Message History

You feel very mighty all of a sudden.
There is a stone staircase leading down here.
You feel yourself speed up.
You fly downwards.
Level annotation: Duvessa Duvessa hits you with a +0 rapier of draining!
You feel drained.
There is a stone staircase leading up, spattered with blood here.
Casting: Static Discharge (safe; 1% risk of failure)
Confirm with . or Enter, or press ? or * to list all spells.
Duvessa is struck by an arc of lightning.
Duvessa is lightly wounded.
You are struck by an arc of lightning.
Duvessa is struck by an arc of lightning.
Duvessa is lightly wounded.
The lightning grounds out.
Duvessa hits you but does no damage.
You feel drained.
Casting: Static Discharge (safe; 1% risk of failure)
Confirm with . or Enter, or press ? or * to list all spells.
Duvessa is struck by an arc of lightning.
Duvessa is moderately wounded.
The lightning grounds out.
Duvessa misses you.
Casting: Static Discharge (safe; 1% risk of failure)
Confirm with . or Enter, or press ? or * to list all spells.
Duvessa is struck by an arc of lightning!
Duvessa is heavily wounded.
You are struck by an arc of lightning.
The lightning grounds out.
Duvessa hits you with a +0 rapier of draining!
* * * LOW HITPOINT WARNING * * *
You feel drained.
* * * LOW HITPOINT WARNING * * *
Casting: Static Discharge (safe; 1% risk of failure)
Confirm with . or Enter, or press ? or * to list all spells.
Aiming: Airstrike (dangerous; 4% risk of failure)
Press: ? - help, Dir - move target, f - Duvessa
Aim: Duvessa, wielding a +0 rapier of draining and wearing a +0 ring mail (heavily wounded, berserk, empty space bonus: 6/8)
The air twists around and strikes Duvessa!
Duvessa is severely wounded.
Duvessa hits you with a +0 rapier of draining.
You die...

####### !....#..
....#.# #...#.# #.#.#.#
#.e@#.# #. #...#.# #.
#.....#...# #.#####
..#####...#.#.....
!........#.##(.########
.#####...#.............
..####...###..##<...###
...........e.......))..
#.##......##.####.#)#)#


You could see Duvessa (berserk).

Vanquished Creatures
  Sigmund (D:6)
  A water moccasin (D:5)
  A black bear (D:5)
  An ogre (D:5)
  3 phantoms (D:5)
  2 bullfrogs (D:6)
  A necrophage (D:5)
  2 scorpions
  Dowan (D:6)
  A howler monkey (D:5)
  A crimson imp (D:5)
  A hound (D:6)
  A gnoll shaman (D:6)
  An iguana (D:3)
  Jessica (D:3)
  6 gnolls
  5 adders
  A shadow imp (D:5)
  2 white imps
  A worm (D:3)
  A dart slug (D:2)
  6 orcs
  5 bats
  5 endoplasms
  4 giant cockroaches
  7 goblins
  7 hobgoblins
  3 jackals (D:2)
  4 quokkas
  7 ball pythons
  2 frilled lizards
  3 kobolds
  2 rats (D:3)
90 creatures vanquished.

Vanquished Creatures (others)
  A wizard (D:3)
  A quokka (D:5)
2 creatures vanquished.

Grand Total: 92 creatures vanquished

Notes
Turn   | Place    | Note
-------+----------+-------------------------------------------
     0 | D:1      | wingedge the Tengu Air Elementalist began the quest for the
                  | Orb.
     0 | D:1      | Reached XP level 1. HP: 10/10 MP: 4/4
   417 | D:1      | Reached XP level 2. HP: 15/15 MP: 1/6
  1114 | D:2      | Reached XP level 3. HP: 20/20 MP: 4/7
  1477 | D:2      | Found a faded altar of an unknown god.
  1543 | D:2      | Reached skill level 1 in Armour
  1947 | D:3      | Learned a level 2 spell: Static Discharge
  1951 | D:3      | Learned a level 3 spell: Swiftness
  2195 | D:3      | Reached XP level 4. HP: 23/24 MP: 8/8
  2302 | D:3      | Found an ancient bone altar of Kikubaaqudgha.
  2338 | D:3      | Reached skill level 1 in Fighting
  2580 | D:3      | Found a bloodstained altar of Trog.
  2584 | D:3      | Noticed a wizard
  2588 | D:3      | Killed a wizard
  2839 | D:3      | Reached skill level 5 in Air Magic
  2868 | D:3      | Noticed Jessica
  2876 | D:3      | Killed Jessica
  2877 | D:3      | Gained mutation: Your magical nature lets you fly swiftly
                  | and evasively. [Tengu growth]
  2877 | D:3      | Reached XP level 5. HP: 29/29 MP: 5/9
  2880 | D:3      | Found a shimmering blue altar of Sif Muna.
  2896 | D:3      | Became a worshipper of Sif Muna the Loreminder
  3176 | D:4      | Reached skill level 5 in Fighting
  3176 | D:4      | Reached XP level 6. HP: 41/41 MP: 9/13
  3182 | D:4      | Learned a level 4 spell: Airstrike
  3893 | D:5      | Entered Level 5 of the Dungeon
  4119 | D:5      | Noticed a black bear
  4122 | D:5      | Killed a black bear
  4123 | D:5      | Reached XP level 7. HP: 46/46 MP: 5/14
  4452 | D:5      | Reached skill level 1 in Summonings
  4597 | D:5      | Reached skill level 1 in Shields
  4941 | D:5      | Reached XP level 8. HP: 51/51 MP: 6/15
  5020 | D:5      | Found a white marble altar of Elyvilon.
  5531 | D:6      | Reached * piety under Sif Muna
  5642 | D:6      | Found Reimoray's Weapon Shoppe.
  5821 | D:6      | Found a hide-covered altar of Uskayaw.
  5976 | D:6      | Noticed Sigmund
  5980 | D:6      | Killed Sigmund
  6136 | D:6      | Noticed Dowan
  6154 | D:6      | Killed Dowan
  6305 | D:6      | Noticed Duvessa
  6577 | D:6      | HP: 1/44 [Duvessa/+0 rapier of draining (7)]
  6578 | D:6      | Slain by Duvessa

Illustrated notes

Levels and vault maps discovered:
D:1:      nzn_arrival_settlement, layout_basic, minmay_splitting_lines
D:2:      layout_rooms, basic_ecumenical_altar
D:3:      layout_basic, trog_wizard, tgw_sif, general_overflow_altar
D:4:      layout_basic
D:5:      layout_basic, elyvilon_altar_4, minmay_fire_ice_demons
D:6:      layout_basic, kennysheep_little_box, serial_shops,
          nicolae_shop_advertising_works [nicolae_subvault_shop_adworks],
          uniq_blork_the_orc, uniq_sigmund, uniq_duvessa

Skill      XL: |  1  2  3  4  5  6  7  8 |
---------------+-------------------------+-----
Conjurations   | 2 3 8 9 |  9.0
Armour         | 1 4 |  4.8
Fighting       | 1 5 6 |  6.4
Air Magic      | 5 9 |  9.6
Spellcasting   | 4 |  4.7
Invocations    | 3 |  3.7
Summonings     | 1 |  1.7
Shields        | 1 2 |  2.0
Dodging        | 3 |  3.1
Stealth        | |  2.0

Action                   |  1- 3 |  4- 6 |  7- 9 || total
-------------------------+-------+-------+-------++-------
Melee: Short sword       |    12 |       |       ||    12
       Kick              |     1 |       |       ||     1
Throw: Dart              |       |     6 |       ||     6
 Cast: Shock             |    74 |    44 |     7 ||   125
       Static Discharge  |       |     2 |    11 ||    13
       Airstrike         |       |     4 |    39 ||    43
       Swiftness         |       |       |     3 ||     3
  Use: Scroll            |       |     4 |       ||     4
       Potion            |       |     1 |     5 ||     6
Armor: Robe              |    11 |       |       ||    11
       Leather armour    |       |     1 |     3 ||     4
Dodge: Dodged            |    13 |     4 |    10 ||    27
Block: Buckler           |       |       |     2 ||     2

Table legend: (Time is in decaauts)
 A = Elapsed time spent in this place.
 B = Non-inter-level travel time spent in this place.
 C = Inter-level travel time spent in this place.
 D = Time resting spent in this place.
 E = Time spent auto-exploring this place.
 F = Levels seen in this place.
 G = Mean time per level.
                   A        B        C        D        E       F      G
               +--------+--------+--------+--------+--------+-----+--------+
         Total |   6353 |   6307 |     46 |   2255 |   3056 |   6 | 1058.8 |
       Dungeon |   6353 |   6307 |     46 |   2255 |   3056 |   6 | 1058.8 |
               +--------+--------+--------+--------+--------+-----+--------+

Top non-repeatable levels by time:
     D:5: 1855 daAuts
     D:3: 1142 daAuts
     D:1: 1105 daAuts
     D:2: 815 daAuts
     D:4: 761 daAuts
     D:6: 673 daAuts
